 Dungeon Crawl Stone Soup version 0.22-a0-252-gcace5d2 (webtiles) character file.

20 4thArraOfDagon the Vexing (level 2, 0/20 HPs)
             Began as a Mummy Enchanter on Mar 2, 2018.
             Was a Follower of Ashenzari.
             Slain by a jackal (1 damage)
             ... on level 2 of the Dungeon.
             The game lasted 00:03:55 (763 turns).

4thArraOfDagon the Vexing (Mummy Enchanter)          Turns: 763, Time: 00:03:56

Health: 0/20       AC:  2    Str: 11    XL:     2   Next: 58%
Magic:  1/5        EV: 12    Int: 14    God:    Ashenzari [*.....]
Gold:   33         SH:  0    Dex: 12    Spells: 3/6 levels left

rFire    x . .     SeeInvis .   a - +1 dagger
rCold    + . .     Gourm    .   (no shield)
rNeg     + + +     Faith    .   b - +0 robe
rPois    ∞         Spirit   .   (no helmet)
rElec    .         Reflect  .   (no cloak)
rCorr    .         Harm     .   (no gloves)
MR       .....                  (no boots)
Stlth    ++........             (no amulet)
HPRegen  0.06/turn              (no ring)
MPRegen  0.09/turn              (no ring)

@: very slightly contaminated
A: no food or potions, fire vulnerability, cold resistance 1, negative energy
resistance 3, torment resistance, unbreathing
a: Curse Item, Scrying, Renounce Religion


You were on level 2 of the Dungeon.
You worshipped Ashenzari.
Ashenzari was aware of your devotion.
You were not hungry.

You visited 1 branch of the dungeon, and saw 2 of its levels.

You collected 33 gold pieces.

Inventory:

Hand Weapons
 a - a +1 dagger (weapon)
Armour
 b - a +0 robe (worn)
Scrolls
 c - a scroll of identify


   Skills:
 + Level 0.5 Fighting
 * Level 1.9 Short Blades
 - Level 1.5 Dodging
 - Level 2.4 Stealth
 - Level 2.6 Spellcasting
 - Level 2.6 Hexes
 + Level 0.2 Ice Magic


You had 3 spell levels left.
You knew the following spells:

 Your Spells              Type           Power        Failure   Level  Hunger
a - Corona                Hex            #......      8%          1    N/A
b - Ensorcelled Hibernat  Hex/Ice        #.....       19%         2    N/A

Dungeon Overview and Level Annotations

Branches:
Dungeon (2/15)

Altars:
Ashenzari


Innate Abilities, Weirdness & Mutations

You do not eat or drink.
Your flesh is vulnerable to fire.
You are immune to poison.
Your flesh is cold resistant. (rC+)
You are immune to negative energy. (rN+++)
You are immune to unholy pain and torment.
You can survive without breathing.


Message History

The jackal closely misses you.
As you read the scroll labeled CALAPTEU ZAOMM, it crumbles to dust.
The creatures around you are filled with an inner flame!
It was a scroll of immolation.
The jackal bites you but does no damage.
Unknown command.
As you read the scroll labeled ARCHIO IGREMM, it crumbles to dust.
It is a scroll of identify.
You don't have any unidentified items.
The jackal bites you but does no damage.
The jackal misses you. The jackal closely misses you.
The jackal bites you but does no damage.
The jackal barely misses you.
Found an uncursed dagger.
The jackal misses you. The jackal bites you.
* * * LOW HITPOINT WARNING * * *
The jackal bites you.
You die...

***,**,* #.#
,,,,,,,* #.#
,,,,**** #.# *****
#.# #.# #.# #.#
#h# #@#
************#)#
*,,,,,,,,,,,..#
****,*********####
,,,,,* ******


You could see a jackal (inner flame).

Vanquished Creatures
  A dart slug (D:1)
  4 bats
  3 goblins
  3 hobgoblins (D:1)
  2 jackals (D:1)
  A frilled lizard (D:2)
  A kobold (D:1)
  A rat (D:1)
16 creatures vanquished.

Notes
Turn   | Place    | Note
-------+----------+-------------------------------------------
     0 | D:1      | 4thArraOfDagon the Mummy Enchanter began the quest for the Orb.
     0 | D:1      | Reached XP level 1. HP: 13/13 MP: 4/4
    15 | D:2      | Found a faded altar of an unknown god.
    24 | D:2      | Reached skill level 1 in Short Blades
    28 | D:2      | Became a worshipper of Ashenzari the Shackled
    28 | D:2      | Reached * piety under Ashenzari
   197 | D:1      | Reached XP level 2. HP: 8/19 MP: 3/5
   207 | D:1      | Learned a level 2 spell: Ensorcelled Hibernation
   739 | D:2      | HP: 1/20 [jackal (1)]
   761 | D:2      | HP: 1/20 [jackal (2)]
   763 | D:2      | Slain by a jackal

Vault maps used:
D:1:      lemuel_arrival_broad_hall
D:2:      makhleb_altar_promises_db, chequers_ecumenical_altar_simple_redux

Skill      XL: |  1 |
---------------+----+-----
Short Blades   | 1 |  1.9
Fighting       | |  0.5
Dodging        | |  1.5
Stealth        | |  2.4
Spellcasting   | |  2.6
Hexes          | |  2.6
Ice Magic      | |  0.2

Action                   || total
-------------------------++-------
Melee: Dagger            ||    58
 Cast: Corona            ||     5
       Ensorcelled Hiber ||    11
  Use: Scroll            ||     4
 Stab: Sleeping          ||     4
Armor: Robe              ||    17
Dodge: Dodged            ||    64

Table legend:
 A = Spawn XP
 B = Non-spawn XP
 C = Spawn XP percentage of total XP
 D = Spawn monster count
 E = Non-spawn monster count
 F = Spawn count percentage of total count
 G = Total turns spent on level
                    A         B        C        D         E        F      G
               +---------+---------+-------+---------+---------+-------+---------
         Total |       0 |      29 |   0.0 |       0 |      16 |   0.0 |   763
               +---------+---------+-------+---------+---------+-------+---------
           D:1 |       0 |      24 |   0.0 |       0 |      13 |   0.0 |   582
           D:2 |       0 |       5 |   0.0 |       0 |       3 |   0.0 |   181
               +---------+---------+-------+---------+---------+-------+---------
